 Dungeon Crawl Stone Soup version 0.28.0-45-g0d030f2227 (webtiles) character file.

Game seed: 2769910408962880804

506 mortz the Firebug (level 6, 0/48 HPs)
             Began as a Draconian Fire Elementalist on Apr 23, 2022.
             Slain by Duvessa
             ... wielding a +2 short sword of venom
              (5 damage)
             ... on level 4 of the Dungeon on Apr 24, 2022.
             The game lasted 00:24:43 (4437 turns).

mortz the Firebug (Draconian Fire Elementalist)     Turns: 4437, Time: 00:24:43

Health: 0/48       AC:  7    Str: 11    XL:     6   Next: 97%
Magic:  1/12       EV: 12    Int: 17    God:
Gold:   192        SH:  0    Dex: 11    Spells: 10/13 levels left

rFire   . . .      SeeInvis .   h - +2 spear (venom) {polearm}
rCold   . . .      Faith    .   (no shield)
rNeg    . . .      Spirit   .   (armour unavailable)
rPois   .          Reflect  .   (helmet restricted)
rElec   .          Harm     .   j - +0 cloak
rCorr   .          Rampage  .   (no gloves)
Will    .....                   (no boots)
Stlth   ++........              (no amulet)
HPRegen 0.16/turn               (no ring)
MPRegen 0.13/turn               (no ring)

@: lethally poisoned (0 -> -13)
A: AC +6, unfitting armour, cold-blooded
a: no special abilities


You were on level 4 of the Dungeon.
You visited 1 branch of the dungeon, and saw 4 of its levels.

You collected 192 gold pieces.


Innate Abilities, Weirdness & Mutations

Your plain brown scales are hard. (AC +6)
You cannot fit into any form of body armour.
You are cold-blooded and may be slowed by cold attacks.


   Skills:
 + Level 1.8 Fighting
 + Level 0.8 Short Blades
 + Level 1.5 Polearms
 + Level 2.7 Dodging
 + Level 2.6 Stealth
 + Level 4.1 Spellcasting
 + Level 2.7 Conjurations
 + Level 4.3 Fire Magic


You had 10 spell levels left.
You knew the following spells:

 Your Spells              Type           Power      Damage    Failure   Level
a - Foxfire               Conj/Fire      60%        2x1d7     3%          1
b - Scorch                Fire           36%        2d7       4%          2

Your spell library contained the following spells:

 Spells                   Type           Power      Damage    Failure   Level
 Conjure Flame            Conj/Fire      15%        6-21      11%         3
 Inner Flame              Hex/Fire       10%        N/A       19%         3
 Flame Wave               Conj/Fire      15%        2d6       34%         4
 Olgreb's Toxic Radiance  Pois           3%         N/A       83%         4
 Ozocubu's Refrigeration  Ice            1%         4d5       100%        7
 Ignition                 Fire           9%         3d5       100%        8

Inventory:

Hand Weapons
 c - a +0 dagger {short}
   (You took it off a goblin on level 1 of the Dungeon)
 d - a +0 short sword {short}
   (You took it off a kobold on level 1 of the Dungeon)
 f - a +1 dagger of venom {short}
   (You took it off a kobold on level 2 of the Dungeon)
 g - a +0 falchion of electrocution {long}
   (You took it off an orc on level 2 of the Dungeon)
 h - a +2 spear of venom (weapon) {polearm}
   (You took it off a gnoll on level 3 of the Dungeon)
Missiles
 k - 3 poisoned darts {throwing}
Armour
 e - a +0 kite shield
   (You found it on level 1 of the Dungeon)
 j - a +0 cloak (worn)
   (You found it on level 3 of the Dungeon)
Scrolls
 a - 5 scrolls of identify {@r1}
 b - 4 scrolls of teleportation {unknown}
 i - a scroll of fear
 l - a scroll of vulnerability {unknown}

Dungeon Overview and Level Annotations

Branches:
Dungeon (4/15)
 Temple: D:4-7

Altars:

Annotations:
D:2 1 runed translucent door, Crazy Yiuf
D:3 exclusion: downstairs
D:4 Duvessa

....... ... .......
..### ....## ..#.## ..
.... ###....##..
###..........
##..........#
##.....ยงยง..#
#......@...##
#......e....#
..........### ##.......
#.....#...# #.........
##....##..#
###.........
##.......###.#.........
###.....##............
##.....#..........#.
####...............


You could see Duvessa (berserk, very poisoned, combustible).


Message History

Casting: Foxfire (safe; 4% risk of failure)
Press: ? - help, Q - select action, (/) - cycle Dir - look around, f - activate You conjure some foxfire!
The foxfire hits the ice beast.
The ice beast melts!
The foxfire hits the ice beast. ๐Ÿ˜Ž MP[-1]
You lost 1 mp, and now have 6/12 mp.
Casting: Foxfire (safe; 4% risk of failure)
Press: ? - help, Q - select action, (/) - cycle Dir - look around, f - activate You conjure some foxfire!
The foxfire hits the ice beast but does no damage.
Casting: Foxfire (safe; 4% risk of failure)
Press: ? - help, Q - select action, (/) - cycle Dir - look around, f - activate You conjure some foxfire!
The foxfire hits the ice beast.
The ice beast melts!
The foxfire hits the ice beast!
The ice beast melts!
The foxfire hits the ice beast but does no damage. ๐Ÿ˜Ž MP[-1]
You lost 1 mp, and now have 5/12 mp.
Casting: Foxfire (safe; 4% risk of failure)
Press: ? - help, Q - select action, (/) - cycle Dir - look around, f - activate You conjure some foxfire!
The foxfire hits the ice beast.
The foxfire hits the ice beast but does no damage. x2 ๐Ÿ˜Ž MP[-1]
You lost 1 mp, and now have 4/12 mp.
You barely miss the ice beast.
The foxfire hits the ice beast!
The ice beast melts!
You hit the ice beast.
You kill the ice beast!
Duvessa is nearby! ๐Ÿ˜Ž MP[+4]
You regained 4 mp, and now have 8/12 mp.
Duvessa goes berserk! ๐Ÿ˜Ž MP[+1]
Casting: Foxfire (safe; 3% risk of failure)
Press: ? - help, Q - select action, (/) - cycle Dir - look around, f - activate You conjure some foxfire! ๐Ÿ˜Ž MP[-1]
You lost 1 mp, and now have 8/12 mp.
Casting: Foxfire (safe; 3% risk of failure)
Press: ? - help, Q - select action, (/) - cycle Dir - look around, f - activate You conjure some foxfire!
The foxfire hits Duvessa.
The foxfire hits Duvessa but does no damage. ๐Ÿ˜Ž MP[-1]
You lost 1 mp, and now have 7/12 mp.
Casting: Foxfire (safe; 3% risk of failure)
Press: ? - help, Q - select action, (/) - cycle Dir - look around, f - activate You conjure some foxfire!
The foxfire hits Duvessa but does no damage. x2 ๐Ÿ˜Ž MP[-1]
You lost 1 mp, and now have 6/12 mp.
Casting: Foxfire (safe; 3% risk of failure)
Press: ? - help, Q - select action, (/) - cycle Dir - look around, f - activate You conjure some foxfire!
The foxfire hits Duvessa. x2 ๐Ÿ˜Ž MP[-1]
You lost 1 mp, and now have 5/12 mp.
You barely miss Duvessa.
The foxfire hits Duvessa but does no damage.
The foxfire hits Duvessa.
Duvessa barely misses you. Duvessa closely misses you.
You hit Duvessa but do no damage.
Duvessa is poisoned.
You tail-slap Duvessa, but do no damage.
Duvessa hits you with a +2 short sword of venom! ๐Ÿ˜ฎ HP[-12]
You take 12 damage, and now have 36/48 hp.
MASSIVE DAMAGE!! (PAUSE)
Casting: Foxfire (safe; 3% risk of failure)
Press: ? - help, Q - select action, (/) - cycle Dir - look around, f - activate You conjure some foxfire!
Duvessa barely misses you.
Duvessa hits you with a +2 short sword of venom!
* * * LOW HITPOINT WARNING * * *
You are poisoned. ๐Ÿ˜จ HP[-13] MP[-1]
You take 13 damage, and now have 23/48 hp.
MASSIVE DAMAGE!! (PAUSE)
You lost 1 mp, and now have 4/12 mp.
Casting: Foxfire (safe; 3% risk of failure)
Confirm with . or Enter, or press ? or * to list all spells.
Flames lash Duvessa but do no damage.
* * * LOW HITPOINT WARNING * * *
You feel very sick.
The foxfire hits Duvessa.
The foxfire hits Duvessa but does no damage.
Duvessa hits you with a +2 short sword of venom!
* * * LOW HITPOINT WARNING * * *
๐Ÿ˜ฑ HP[-16] MP[-1]
You take 16 damage, and now have 7/48 hp.
MASSIVE DAMAGE!! (PAUSE)
You lost 1 mp, and now have 3/12 mp.
Casting: Scorch (safe; 4% risk of failure)
Confirm with . or Enter, or press ? or * to list all spells.
Flames lash Duvessa.
Duvessa's fire resistance burns away.
* * * LOW HITPOINT WARNING * * *
You feel very sick.
Duvessa hits you with a +2 short sword of venom.
You die...

Skill      XL: |  1  2  3  4  5  6 |
---------------+-------------------+-----
Stealth        | 2 |  2.6
Fighting       | 1 |  1.8
Spellcasting   | 3 4 |  4.1
Conjurations   | 2 |  2.7
Dodging        | 2 |  2.7
Fire Magic     | 4 |  4.3
Polearms       | 1 |  1.5
Short Blades   | |  0.8

Action                   |  1- 3 |  4- 6 || total
-------------------------+-------+-------++-------
Melee: Short sword       |    13 |       ||    13
       Dagger            |     4 |     8 ||    12
       Tailslap          |     1 |     9 ||    10
       Falchion          |       |     5 ||     5
       Spear             |       |    55 ||    55
 Cast: Foxfire           |    55 |    93 ||   148
       Scorch            |       |     3 ||     3
  Use: Scroll            |       |     1 ||     1
 Stab: Sleeping          |       |     1 ||     1
Armor: Skin              |     4 |    45 ||    49
Dodge: Dodged            |    16 |    73 ||    89

Levels and vault maps discovered:
D:1:      dpeg_arrival_three_bigger_balls, layout_basic,
          shapermc_ecumenical_altar_flowoftime
D:2:      layout_basic, uniq_crazy_yiuf_cottage
D:3:      layout_loops_ring, goddamned_bats
D:4:      layout_cave_pools, serial_bayou_lagoon_b, uniq_duvessa

Notes
Turn   | Place    | Note
-------+----------+-------------------------------------------
     0 | D:1      | mortz the Draconian Fire Elementalist began the quest for
                  | the Orb.
     0 | D:1      | Reached XP level 1. HP: 14/14 MP: 3/3
     0 | D:1      | magus.rc [v1.9.6]
    96 | D:1      | Reached skill level 2 in Stealth
   279 | D:1      | Reached XP level 2. HP: 20/20 MP: 3/5
   303 | D:1      | Learned a level 2 spell: Scorch
   375 | D:1      | Found a faded altar of an unknown god.
  1011 | D:2      | Identified the +1 robe of Evoponos {Harm Str-4 Int-5 SInv}
  1129 | D:2      | Reached XP level 3. HP: 26/26 MP: 4/6
  1129 | D:2      | magus.rc [v1.9.6]
  1621 | D:2      | Reached skill level 1 in Fighting
  1621 | D:2      | Reached XP level 4. HP: 29/35 MP: 0/8
  1839 | D:2      | You fall into a shaft and drop 1 floor!
  1897 | D:3      | Reached skill level 3 in Spellcasting
  1907 | D:3      | Reached skill level 2 in Conjurations
  2039 | D:3      | Reached XP level 5. HP: 33/40 MP: 6/9
  2328 | D:2      | Found a runed translucent door.
  2329 | D:2      | Noticed Crazy Yiuf
  2939 | D:3      | Reached skill level 2 in Dodging
  3377 | D:3      | You add the spells Olgreb's Toxic Radiance, Ozocubu's
                  | Refrigeration and Ignition to your library.
  3666 | D:3      | Reached skill level 4 in Fire Magic
  3666 | D:3      | Reached XP level 6. HP: 47/47 MP: 9/11
  3669 | D:3      | Reached skill level 1 in Polearms
  3784 | D:4      | Noticed Duvessa
  3784 | D:4      | Noticed Dowan
  3848 | D:4      | Killed Dowan
  4385 | D:4      | Noticed an ice beast
  4386 | D:4      | Reached skill level 4 in Spellcasting
  4394 | D:4      | Killed an ice beast
  4436 | D:4      | HP: 7/48 [Duvessa/+2 short sword of venom (11)]
  4437 | D:4      | Slain by Duvessa

Vanquished Creatures
  An ice beast (D:4)
  Dowan (D:4)
  A vampire bat (D:3)
  A hound (D:4)
  An iguana (D:4)
  An orc wizard (D:2)
  6 adders
  4 gnolls (D:3)
  2 dart slugs
  3 fire bats (D:3)
  4 orcs
  2 spectral bats (D:3)
  3 bat skeletons (D:3)
  A bat zombie (D:3)
  2 endoplasms (D:2)
  6 giant cockroaches
  9 goblins
  6 hobgoblins
  2 quokkas
  A ball python (D:3)
  18 bats
  A bat simulacrum (D:3)
  3 frilled lizards
  7 kobolds
  4 rats
90 creatures vanquished.

Vanquished Creatures (others)
  249 foxfires
249 creatures vanquished.

Grand Total: 339 creatures vanquished

Table legend:
 A = Non-vault XP
 B = Vault XP
 C = Vault XP percentage of total XP
 D = Non-vault monster count
 E = Vault monster count
 F = Vault count percentage of total count
                 A         B        C        D         E       F
            +---------+---------+-------+---------+---------+-------
      Total |     477 |     247 |  34.1 |      69 |      21 |  23.3
            +---------+---------+-------+---------+---------+-------
        D:1 |      34 |       0 |   0.0 |      21 |       0 |   0.0
        D:2 |      94 |       0 |   0.0 |      22 |       0 |   0.0
        D:3 |     126 |     178 |  58.6 |      18 |      20 |  52.6
        D:4 |     223 |      69 |  23.6 |       8 |       1 |  11.1
            +---------+---------+-------+---------+---------+-------

Illustrated notes

Table legend:
 A = Kills in this place as a percentage of kills in entire the game.
 B = Kills by you in this place as a percentage of kills by you in the entire game.
 C = Kills by friends in this place as a percentage of kills by friends in the entire game.
 D = Other kills in this place as a percentage of other kills in the entire game.
 E = Experience gained in this place as a percentage of experience gained in the entire game.
 F = Experience gained in this place divided by the number of levels of this place that you have seen.
                   A       B       C       D       E      F
               +-------+-------+-------+-------+-------+----------------------
         Total | 100.0 | 100.0 |   N/A |   N/A | 100.0 | 181.0
       Dungeon | 100.0 | 100.0 |   N/A |   N/A | 100.0 | 181.0
               +-------+-------+-------+-------+-------+----------------------

Table legend: (Time is in decaauts)
 A = Elapsed time spent in this place.
 B = Non-inter-level travel time spent in this place.
 C = Inter-level travel time spent in this place.
 D = Time resting spent in this place.
 E = Time spent auto-exploring this place.
 F = Levels seen in this place.
 G = Mean time per level.
                   A        B        C        D        E       F      G
               +--------+--------+--------+--------+--------+-----+--------+
         Total |   4443 |   4277 |    166 |    452 |   3130 |   4 | 1110.8 |
       Dungeon |   4443 |   4277 |    166 |    452 |   3130 |   4 | 1110.8 |
               +--------+--------+--------+--------+--------+-----+--------+

Top non-repeatable levels by time:
     D:2: 1454 daAuts
     D:3: 1407 daAuts
     D:1: 955 daAuts
     D:4: 625 daAuts
